Map: Ley Lines

Players

HandleyHFour - Winner!

  • Race: Zerg Zerg
  • League: Silver
  • Spawn Location: 7:00

koko

  • Race: Terran Terran
  • League: Gold
  • Spawn Location: 1:00

VOD

Have the link to the VOD?

Description

Time

  • Played on: June 23, 2025, 12:10 a.m.
  • Length: 16:15
Show
View Real Time Build Order
Export as new Build Order

HandleyHFour Zerg - Winner!

Build Orders: Hatch First 

Get SALT Encoding   

  12  0:01  Drone  
  13  0:12  Overlord  
  13  0:17  Drone  
  14  0:31  Drone x2  
  16  0:49  Drone  
  17  0:52  Hatchery  
  16  0:59  Drone  
  17  1:08  Spawning Pool  
  17  1:09  Drone  
  17  1:13  Drone  
  17  1:17  Extractor  
  17  1:19  Drone  
  18  1:28  Drone  
  19  1:40  Drone  
  20  1:49  Overlord  
  20  2:01  Drone  
  21  2:03  Queen  
  21  2:04  Overlord  
  23  2:10  Queen  
  23  2:12  Zergling x2  
  23  2:14  Drone  
  27  2:22  Zergling x2  
  28  2:37  Drone  
  28  2:39  Drone x2  
  31  2:46  Metabolic Boost  
  31  2:52  Drone x2  
  33  3:05  Queen  
  33  3:07  Lair  
  33  3:12  Roach Warren  
  34  3:18  Drone x5  
  39  3:21  Drone x3  
  39  3:26  Extractor  
  41  3:31  Drone x3  
  41  3:33  Overlord  
  44  3:50  Queen  
  46  4:09  Drone x4, Spore Crawler  
  50  4:10  Drone x2, Spore Crawler  
  50  4:12  Spore Crawler  
  50  4:13  Spore Crawler  
  48  4:17  Roach x2  
  48  4:18  Overlord  
  48  4:22  Glial Reconstitution  
  52  4:26  Overlord x2  
  52  4:27  Evolution Chamber  
  51  4:51  Drone x3  
  51  4:52  Hydralisk Den  
  53  4:56  Drone x5  
  53  4:57  Extractor  
  57  5:06  Queen, Hatchery  
  58  5:16  Zerg Ground Armor Level 1  
  58  5:17  Drone x2  
  58  5:18  Drone x3  
  63  5:22  Extractor  
  62  5:31  Drone x5  
  67  5:54  Overlord  
  67  5:55  Overlord x3  
  66  5:59  Spine Crawler  
  66  6:00  Spine Crawler  
  66  6:02  Spine Crawler  
  61  6:11  Zergling x6, Roach x2  
  68  6:20  Spore Crawler  
  68  6:22  Spore Crawler  
  68  6:23  Drone x3  
  68  6:24  Queen, Spore Crawler  
  70  6:33  Roach x2  
  74  6:58  Hydralisk x5  
  74  6:59  Hydralisk  
  74  7:00  Overseer x2  
  74  7:01  Pneumatized Carapace  
  86  7:09  Drone x8  
  86  7:10  Drone  
  95  7:18  Zergling x2  
  95  7:19  Zergling x4  
  98  7:29  Hatchery  
  97  7:34  Roach x2, Hydralisk x2  
  101  7:52  Hydralisk x2  
  101  7:54  Zergling x2  
  101  7:55  Overlord x3  
  101  7:56  Overlord x3  
  106  8:02  Extractor  
  106  8:04  Extractor  
  104  8:16  Hydralisk  
  104  8:17  Hydralisk x2, Hatchery  
  104  8:18  Zergling x2, Roach x3  
  114  8:29  Zergling x12  
  116  8:41  Spire  
  116  8:43  Drone x2  
  116  8:46  Infestation Pit  
  116  8:48  Hydralisk  
  116  8:49  Hydralisk x2  
  116  8:50  Roach x3  
  128  9:14  Zerg Melee Weapons Level 1  
  128  9:18  Drone x3  
  128  9:21  Evolution Chamber  
  130  9:24  Drone  
  130  9:25  Zergling x8, Drone x3  
  130  9:26  Zergling x16  
  126  10:02  Zergling x2  
  126  10:03  Zergling x10  
  126  10:04  Mutalisk x2, Corruptor x4  
  142  10:07  Zergling x8  
  142  10:08  Zergling x10  
  142  10:09  Zergling x2  
  152  10:35  Corruptor x2  
  152  10:38  Zergling x4  
  152  10:39  Zergling x2, Overlord x7  
  159  10:43  Grooved Spines  
  146  11:13  Zergling x16  
  146  11:14  Zergling x4  
  140  11:19  Roach, Hydralisk x2  
  140  11:20  Zergling x2, Roach x3, Hydralisk x2  
  140  11:21  Zergling x4, Corruptor x2  
  157  11:31  Zergling x8  
  148  11:47  Zergling x12  
  148  11:48  Zergling x6  
  148  11:50  Muscular Augments  
  148  11:51  Tunneling Claws  
  148  11:52  Zerg Ground Armor Level 2  
  149  11:54  Zerg Missile Weapons Level 1  
  149  11:56  Zergling x6  
  147  12:10  Zergling x6  
  147  12:11  Zergling x16  
  147  12:12  Zergling x12  
  164  12:30  Hatchery  
  164  12:33  Overseer x2  
  164  12:34  Overseer  
  164  12:35  Zerg Flyer Armor Level 1  
  163  12:37  Hatchery  
  162  13:20  Hive  
  162  13:41  Mutalisk x2, Corruptor  
  162  13:42  Corruptor  
  157  14:06  Hatchery  
  156  14:10  Hatchery  
  155  14:33  Viper x4, Hydralisk x2  
  155  14:34  Corruptor x3, Hydralisk  
  155  14:35  Roach x3  
  155  14:36  Zergling x18, Roach  
  184  15:04  Overlord x2  
  184  15:05  Zergling x4, Corruptor, Hydralisk x2  
  184  15:06  Corruptor  
  196  15:07  Roach x2  
  198  15:35  Zergling x6  
  190  15:36  Zergling x6, Roach x2, Hydralisk x5  
  190  15:37  Roach  
  175  15:44  Zergling x8  
  162  15:55  Zergling x4, Roach x2  
  165  15:57  Zergling x2  
  165  15:58  Unknown  
Show
View Real Time Build Order
Export as new Build Order

koko Terran 

Build Orders: Reaper Expand 

Get SALT Encoding   

  12  0:01  SCV  
  13  0:16  Supply Depot  
  13  0:17  SCV  
  14  0:29  SCV  
  15  0:39  Barracks  
  15  0:44  Refinery  
  15  0:45  SCV  
  16  0:58  SCV  
  17  1:10  SCV  
  18  1:22  SCV  
  19  1:37  Command Center  
  19  1:39  Orbital Command  
  19  1:44  Reaper  
  20  1:50  Supply Depot  
  20  1:58  Refinery  
  20  2:15  Factory, SCV  
  21  2:16  Marine  
  22  2:27  SCV  
  23  2:38  Barracks Reactor  
  23  2:40  SCV  
  24  2:52  SCV  
  25  3:05  SCV  
  26  3:11  Starport  
  27  3:14  Orbital Command  
  27  3:17  SCV  
  27  3:26  Command Center, Hellion x2  
  31  3:29  SCV  
  32  3:43  Barracks Tech Lab  
  32  3:48  Viking  
  32  3:51  Hellion x2  
  38  4:01  Barracks  
  38  4:11  Supply Depot  
  38  4:15  Supply Depot  
  38  4:18  Stimpack  
  38  4:21  SCV x2  
  40  4:33  Hellion, SCV x2  
  40  4:34  Supply Depot, Hellion  
  46  4:52  SCV x2  
  49  4:54  Orbital Command  
  49  4:55  Hellion  
  49  4:58  Barracks Tech Lab  
  50  5:02  Hellion  
  50  5:04  SCV x2  
  54  5:09  Engineering Bay  
  54  5:10  Engineering Bay  
  54  5:16  Hellion  
  56  5:28  Refinery x2  
  56  5:38  Terran Infantry Weapons Level 1  
  56  5:39  Terran Infantry Armor Level 1  
  56  5:42  Cloaking Field  
  56  5:44  Banshee  
  59  6:24  Orbital Command  
  59  6:26  Banshee  
  62  6:45  Barracks Reactor  
  62  6:46  SCV x2  
  64  6:52  Barracks Tech Lab  
  64  6:58  SCV  
  64  7:00  Siege Tank  
  68  7:09  Barracks  
  68  7:10  Barracks  
  68  7:12  Armory  
  68  7:13  Barracks  
  68  7:17  Refinery x2  
  68  7:26  SCV x2  
  68  7:27  SCV  
  71  7:32  Siege Tank  
  74  7:38  SCV x2  
  74  7:39  SCV  
  74  7:40  Factory  
  74  7:43  Combat Shield  
  66  8:10  SCV x3  
  69  8:14  Marine x2  
  69  8:18  Marine x4  
  75  8:20  Medivac x2  
  75  8:22  SCV x2  
  81  8:27  Siege Tank  
  81  8:31  Marine  
  81  8:32  Marine  
  86  8:35  Marine x2  
  86  8:36  Marine x2  
  90  8:49  Marine  
  90  8:50  Marine  
  90  8:53  Marine  
  90  8:54  Terran Infantry Weapons Level 2  
  93  8:55  Terran Infantry Armor Level 2  
  93  9:00  Marine x3, Medivac  
  93  9:01  Siege Tank  
  93  9:02  Siege Tank  
  104  9:11  Supply Depot x2  
  104  9:12  Supply Depot  
  104  9:14  Supply Depot  
  104  9:15  Supply Depot, Medivac  
  106  9:17  Marine x3  
  109  9:32  Marine  
  109  9:33  SCV x2  
  109  9:34  Barracks Reactor  
  109  9:35  Marine x2  
  109  9:37  Barracks Tech Lab  
  114  9:39  Barracks Reactor  
  114  9:42  Concussive Shells  
  114  9:50  Marine  
  100  9:53  Marine x2  
  90  10:07  Siege Tank x2  
  90  10:12  Marine x6  
  102  10:16  Marine x2  
  102  10:19  SCV x2  
  106  10:25  Medivac  
  108  10:30  Marine x6  
  108  10:33  Marine  
  108  10:34  Marine  
  116  10:39  Siege Tank  
  116  10:41  Siege Tank  
  122  10:47  Marine  
  122  10:48  Marine x3  
  122  10:49  Marauder x2  
  130  10:51  Marine x2  
  132  11:05  Marine x3  
  132  11:10  Marauder x2  
  123  11:11  Siege Tank  
  94  11:31  Marauder x2  
  94  11:32  Terran Infantry Weapons Level 3  
  86  11:33  Terran Infantry Armor Level 3  
  86  11:35  Siege Tank  
  88  11:42  Medivac  
  88  11:43  Siege Tank  
  85  11:53  Marine  
  85  11:54  Marine x7  
  62  12:11  Marine x2  
  62  12:12  Marine x6  
  68  12:16  Medivac x2  
  72  12:29  Marine x4  
  74  12:30  Marine x2  
  78  12:51  Supply Depot  
  78  12:56  Supply Depot  
  78  12:58  Supply Depot  
  78  12:59  Command Center  
  78  13:12  Marine x4  
  78  13:13  Viking x2  
  78  13:17  Marine x4  
  90  13:30  Marine x4, Siege Tank x2  
  100  13:35  Marine x2  
  102  13:50  Marine  
  102  13:51  Viking, Marine x2  
  102  13:52  Marine x4  
  102  13:53  Marine  
  84  14:08  Marine  
  84  14:09  Marine x2  
  87  14:10  Marine x5  
  87  14:12  Terran Vehicle Weapons Level 1  
  92  14:26  Marine x2  
  92  14:27  Marine  
  92  14:28  Marine x5  
  100  14:33  Viking  
  102  14:44  Marine x2  
  102  14:45  Marine x3  
  102  14:46  Marine  
  104  15:00  Planetary Fortress  
  104  15:10  Missile Turret  
  104  15:13  Missile Turret  
  104  15:22  Missile Turret x2  
  104  15:24  Missile Turret x2  
  104  15:28  Refinery  
  104  15:30  Refinery  
  104  15:33  Starport  
  101  15:36  Starport  
Tags
 
Add a new tag
Caveats
  • Supply blocks, unpowered buildings, or Contaminate may cause inaccurate times.
  • Supply counts are checked every 10 seconds.